 Dungeon Crawl Stone Soup version 0.16.1-28-gcc2312f (webtiles) character file.

99 sqallbeste the Sneak (level 4, 0/45 HPs)
             Began as an Octopode Assassin on May 27, 2015.
             Slain by an orc
             ... wielding a +2 short sword of freezing
              (6 damage)
             ... on level 3 of the Dungeon.
             The game lasted 00:06:44 (1503 turns).

sqallbeste the Sneak (Octopode Assassin)            Turns: 1503, Time: 00:06:44

Health: 0/45       AC:  1    Str: 15    XL:     4   Next: 72%
Magic:  4/4        EV: 12    Int: 13    God:
Gold:   102        SH:  0    Dex: 14    Spells: 0 memorised, 3 levels left

rFire  . . .     SeeInvis +     a - +2 dagger
rCold  . . .     Clarity  .     (no shield)
rNeg   . . .     SustAb   .     (helmet restricted)
rPois  .         Gourm    .     k - amulet of rage
rElec  .         Spirit   .     i - ring of see invisible
rCorr  .         Warding  .     (no ring)
rMut   .         Stasis   .     (no ring)
MR     .....                    (no ring)
Stlth  ..........               (no ring)
                                (no ring)
                                (no ring)
                                (no ring)

@: berserking, very quick, not resistant to hostile enchantments, extremely
unstealthy
A: almost no armour, amphibious, 8 rings, constrict 8, camouflage 1, gelatinous
body 1
a: Evoke Berserk Rage


You were on level 3 of the Dungeon.
You were hungry.

You visited 1 branch of the dungeon, and saw 3 of its levels.

You collected 102 gold pieces.

Inventory:

Hand weapons
 a - a +2 dagger (weapon)
 b - a +0 blowgun
Missiles
 c - 6 needles of slowing
 e - 25 poisoned needles
 f - 2 curare-tipped needles
Armour
 p - a +0 large shield
Jewellery
 i - a ring of see invisible (left tentacle)
 k - an amulet of rage (around mantle)
Magical devices
 d - a wand of enslavement (13)
Scrolls
 m - a scroll of fog
 q - a scroll of random uselessness
Potions
 l - 3 potions of agility
Comestibles
 g - 3 bread rations
 h - 2 meat rations
 j - 4 fruits
 n - a slice of pizza
 o - a beef jerky


   Skills:
 + Level 2.3 Fighting
 + Level 2.1 Short Blades
 - Level 2.0 Throwing
 + Level 1.5 Dodging
 * Level 7.7 Stealth


You had 3 spell levels left.
You didn't know any spells.

Dungeon Overview and Level Annotations

Branches:
Dungeon (3/15)

Altars:


Innate Abilities, Weirdness & Mutations

You cannot wear most types of armour.
You are amphibious.
You can wear up to eight rings at the same time.
You can use your tentacles to constrict many enemies at once.
Your skin changes colour to match your surroundings (Stealth).
Your rubbery body absorbs attacks (AC +1).


Message History

The orc barely misses you.
You hit the orc but do no damage. You grab the orc. You constrict the orc.
The orc hits you with a short sword of freezing.
The orc freezes you.
You hit the orc but do no damage. You squeeze the orc, but do no damage.
The orc is lightly wounded.
You constrict the orc, but do no damage.
The orc hits you but does no damage.
You barely miss the orc.
The orc is lightly wounded.
You constrict the orc.
The orc hits you with a short sword of freezing!
* * * LOW HITPOINT WARNING * * *
The orc freezes you.
* * * LOW HITPOINT WARNING * * *
Use which ability? (? or * to list)
A red film seems to cover your vision as you go berserk!
You feel yourself moving faster!
You feel mighty!
You constrict the orc.
The orc hits you with a short sword of freezing.
You die...

... .## .# #...
..# .#
#...##'##'##
#..........#
#.........#
#....)....#
#....o....#
#....o....#
#....@.<..#
#.........#
#...†...>.#
########'## #.#
#########.###.#
#.......)))...#
#.#############
#


You could see 2 orcs.

Vanquished Creatures
  5 adders (D:2)
  A worm (D:2)
  A giant gecko (D:3)
  An orc (D:3)
  A ball python (D:2)
  6 bats
  9 hobgoblins
  3 jackals (D:2)
  4 giant newts
  4 goblins
  5 kobolds (D:1)
  7 rats
47 creatures vanquished.

Notes
Turn   | Place    | Note
--------------------------------------------------------------
     0 | D:1      | sqallbeste, the Octopode Assassin, began the quest for the Orb.
     0 | D:1      | Reached XP level 1. HP: 14/14 MP: 1/1
   172 | D:1      | Reached XP level 2. HP: 13/19 MP: 2/2
   378 | D:1      | Reached skill level 6 in Stealth
   676 | D:2      | Reached XP level 3. HP: 24/24 MP: 3/3
   842 | D:2      | Reached skill level 7 in Stealth
   909 | D:2      | Reached XP level 4. HP: 8/30 MP: 4/4
  1503 | D:3      | Slain by an orc

Action                   |  1- 3 |  4- 6 || total
-------------------------+-------+-------++-------
Melee: Dagger            |    49 |    44 ||    93
Throw: Stone             |     1 |       ||     1
 Abil: Evoke Berserk Rag |       |     1 ||     1
  Use: Potion            |     4 |     1 ||     5
       Scroll            |     5 |     2 ||     7
 Stab: Sleeping          |     6 |     3 ||     9
  Eat: Beef jerky        |       |     1 ||     1
